 Dungeon Crawl Stone Soup version 0.29.0-4-gdea44cf6ec (webtiles) character file.

Game seed: 7217394660432503967

11301 qw the Grappler (level 11, -13/105 HPs)
             Began as a Troll Cinder Acolyte on Sept 1, 2022.
             Was a Believer of Ignis.
             Mangled by Snorg (17 damage)
             ... on level 11 of the Dungeon.
             The game lasted 00:05:02 (9555 turns).

qw the Grappler (Troll Cinder Acolyte)              Turns: 9555, Time: 00:05:03

Health: -13/105    AC: 15    Str: 34    XL:     11   Next: 47%
Magic:  11/11      EV:  8    Int:  8    God:    Ignis [**....]
Gold:   626        SH:  8    Dex:  5    Spells: 12/12 levels left

rFire   + . .      SeeInvis +     - Unarmed
rCold   . . .      Faith    .   q - +0 kite shield
rNeg    . . .      Spirit   .   l - +2 robe {Will+}
rPois   .          Reflect  .   (helmet restricted)
rElec   .          Harm     .   s - +1 cloak
rCorr   .          Rampage  .   (gloves unavailable)
Will    +....                   (boots unavailable)
Stlth   +.........              (no amulet)
HPRegen 1.07/turn               g - +6 ring of strength
MPRegen 0.12/turn               m - ring of see invisible

@: about to teleport, fiery-armoured
A: large, unfitting armour, claws 3, regeneration 1, shaggy fur 1, tough skin 1,
dopey 1
a: Renounce Religion, Fiery Armour, Foxfire Swarm, Rising Flame


You were on level 11 of the Dungeon.
You worshipped Ignis.
Ignis was pleased with you.
You visited 1 branch of the dungeon, and saw 11 of its levels.

You collected 626 gold pieces.


Innate Abilities, Weirdness & Mutations

You are too large for most types of armour.
You have claws for hands.
Your natural rate of healing is unusually fast.
You are covered in fur. (AC +1)
You have tough skin. (AC +1)
You are dopey. (Int -2)


   Skills:
 - Level 5.9 Fighting
 - Level 3.0 Throwing
 - Level 1.0 Armour
 - Level 1.2 Dodging
 + Level 8.6 Shields
 - Level 14.0 Unarmed Combat
 - Level 1.0 Spellcasting
 - Level 2.1 Fire Magic


You had 12 spell levels left.
You didn't know any spells.
Your spell library contained the following spells:

 Spells                   Type           Power      Damage    Failure   Level
 Scorch                   Fire           6%         2d5       43%         2

Inventory:

Missiles
 b - 8 boomerangs
 f - 7 javelins (quivered)
Armour
 l - a +2 robe of willpower (worn)
 o - a +0 troll leather armour
 q - a +0 kite shield (worn)
 s - a +1 cloak (worn)
Jewellery
 g - a +6 ring of strength (left claw)
 m - a ring of see invisible (right claw)
Scrolls
 c - 4 scrolls of identify
 k - 8 scrolls of teleportation
 p - 3 scrolls of enchant weapon
Potions
 a - 5 potions of heal wounds
 d - 4 potions of might
 h - a potion of resistance
 i - 2 potions of mutation
 j - 3 potions of curing
 n - 2 potions of cancellation
 r - 2 potions of haste

Dungeon Overview and Level Annotations

Branches:
Dungeon (11/15)            Temple (0/1) D:6            Lair (0/5) D:11
    Orc (0/2) D:11

Altars:
Cheibriados
Dithmenos
Elyvilon
Nemelex Xobeh
Sif Muna
Wu Jian
The Shining One

Annotations:
D:4 1 transporter
D:5 1 runed translucent door, Crazy Yiuf
D:11 Snorg


Message History

Snorg bites you!
Snorg is burned by your cloak of flames.
Snorg is heavily wounded.
Snorg claws you.
Snorg is burned by your cloak of flames.
Snorg is heavily wounded.
You block Snorg's attack.
You scratch Snorg.
Snorg is heavily wounded.
Snorg bites you!
Snorg is burned by your cloak of flames.
Snorg is heavily wounded.
Snorg claws you but does no damage.
Snorg is burned by your cloak of flames.
Snorg is heavily wounded.
Snorg claws you but does no damage.
Snorg is burned by your cloak of flames.
Snorg is heavily wounded.
You completely miss Snorg.
Snorg is heavily wounded.
Snorg bites you!
Snorg is burned by your cloak of flames.
Snorg is heavily wounded.
Snorg claws you!
Snorg is burned by your cloak of flames.
Snorg is severely wounded.
Snorg claws you!
Snorg is burned by your cloak of flames.
Snorg is severely wounded.
Snorg barely misses you. Snorg claws you but does no damage.
Snorg is burned by your cloak of flames.
Snorg is severely wounded.
Snorg claws you but does no damage.
Snorg is burned by your cloak of flames.
Snorg is severely wounded.
9555 ||| READING 9 scrolls of teleportation.
As you read the scroll of teleportation, it crumbles to dust.
You feel strangely unstable. Snorg barely misses you. Snorg claws you!
You die...

###.....#....
#......#.#..#
###########(#....#....
.
................#....
.(
############....#..#
... ##..#...#....
#..#.#....$# # ####
#.#..#.....# #.....
#.#.@T...... #.....
########.... '.._.. ..
#.... #.... # ###


You could see Snorg (berserk).

Vanquished Creatures
  Gastronok (D:8)
  A two-headed ogre (D:10)
  A boulder beetle (D:11)
  A gargoyle (D:10)
  Psyche (D:8)
  5 trolls
  A wraith (D:9)
  Sigmund (D:3)
  3 wyverns
  8 yaks
  A basilisk (D:11)
  Edmund (D:5)
  An acid dragon (D:10)
  5 water moccasins
  Duvessa (D:4)
  3 orc warriors
  A sky beast (D:6)
  An ice beast (D:6)
  5 black bears
  An ogre (D:5)
  3 wolves (D:11)
  3 centaurs
  A phantom (D:7)
  A kobold brigand (D:8)
  4 bullfrogs
  4 gnoll sergeants
  3 necrophages
  5 scorpions
  5 wights (D:10)
  Dowan (D:4)
  7 killer bees
  6 howler monkeys
  3 hounds
  3 jellies
  5 orc priests
  2 gnoll boudas
  6 orc wizards
  7 iguanas
  25 gnolls
  11 adders
  2 shadow imps
  3 worms
  3 dart slugs
  30 orcs
  10 ball pythons
  4 endoplasms
  6 giant cockroaches
  20 goblins
  17 hobgoblins
  5 jackals
  13 kobolds
  6 quokkas
  7 bats
  A frilled lizard (D:1)
  5 rats
280 creatures vanquished.

Vanquished Creatures (others)
  2 fungi (D:11)
  9 plants (D:11)
11 creatures vanquished.

Grand Total: 291 creatures vanquished

Notes
Turn   | Place    | Note
-------+----------+-------------------------------------------
     0 | D:1      | qw the Troll Cinder Acolyte began the quest for the Orb.
     0 | D:1      | Reached XP level 1. HP: 22/22 MP: 1/1
     0 | D:1      | 0 ||| qw: Version: 0.1-a-97-g2dd2ca4
     0 | D:1      | 0 ||| qw: Game counter: 4743
     0 | D:1      | 0 ||| qw: Always use a shield: true
     0 | D:1      | 0 ||| qw: God list: Okawaru
     0 | D:1      | 0 ||| qw: Allow faded altars: false
     0 | D:1      | 0 ||| qw: Do Orc after D:15 true
     0 | D:1      | 0 ||| qw: Do second Lair branch before Depths: true
     0 | D:1      | 0 ||| qw: Lair rune preference: random
     0 | D:1      | 0 ||| qw: Plans: Normal
     0 | D:1      | 0 ||| PLANNING D:1-11
    49 | D:1      | 49 ||| Stepping ~*~*~tactically~*~*~ (stealth).
    80 | D:1      | Reached XP level 2. HP: 29/29 MP: 2/2
    81 | D:1      | 81 ||| Stepping ~*~*~tactically~*~*~ (hiding).
   355 | D:1      | 355 ||| Stepping ~*~*~tactically~*~*~ (hiding).
   362 | D:1      | 362 ||| INVOKING Fiery Armour.
   365 | D:1      | Reached skill level 4 in Unarmed Combat
   394 | D:1      | Reached XP level 3. HP: 36/36 MP: 3/3
   477 | D:1      | 477 ||| Stepping ~*~*~tactically~*~*~ (hiding).
   706 | D:1      | Found a faded altar of an unknown god.
   774 | D:1      | 774 ||| UPGRADING to +0 cloak.
   779 | D:1      | 779 ||| UPGRADING to +6 ring of strength.
   780 | D:1      | 780 ||| READING scroll labelled IMUIQIASEA.
   781 | D:1      | 781 ||| READING scroll labelled VAG SEHORA.
   782 | D:1      | 782 ||| READING 3 scrolls labelled RAELUCS UPUB.
   783 | D:1      | 783 ||| READING scroll labelled OTADYMNIAKAG.
   784 | D:1      | 784 ||| READING scroll labelled CEFEDD SISEIMM.
   789 | D:1      | 789 ||| DRINKING 2 amethyst potions.
   790 | D:1      | 790 ||| DROPPING 2 scrolls of noise.
   791 | D:1      | 791 ||| DROPPING potion of magic.
   810 | D:2      | 810 ||| STAIRDANCE
  1059 | D:2      | Reached skill level 5 in Unarmed Combat
  1059 | D:2      | Reached XP level 4. HP: 40/44 MP: 4/4
  1347 | D:2      | 1347 ||| DRINKING 3 dark potions.
  1448 | D:2      | 1448 ||| DRINKING 2 murky inky potions.
  1553 | D:2      | 1553 ||| DROPPING 2 potions of ambrosia.
  1554 | D:2      | 1554 ||| DROPPING potion of berserk rage.
  1597 | D:3      | 1597 ||| Stepping ~*~*~tactically~*~*~ (stealth).
  1767 | D:3      | 1767 ||| Stepping ~*~*~tactically~*~*~ (stealth).
  1770 | D:3      | 1770 ||| Stepping ~*~*~tactically~*~*~ (stealth).
  2232 | D:3      | Found a glowing golden altar of the Shining One.
  2333 | D:3      | 2333 ||| Stepping ~*~*~tactically~*~*~ (hiding).
  2335 | D:3      | 2335 ||| Stepping ~*~*~tactically~*~*~ (hiding).
  2346 | D:3      | Noticed Sigmund
  2347 | D:3      | 2347 ||| Stepping ~*~*~tactically~*~*~ (stealth).
  2351 | D:3      | 2351 ||| Stepping ~*~*~tactically~*~*~ (hiding).
  2384 | D:3      | Killed Sigmund
  2385 | D:3      | Reached skill level 6 in Unarmed Combat
  2385 | D:3      | Reached XP level 5. HP: 30/50 MP: 5/5
  2385 | D:3      | Reached XP level 6. HP: 36/59 MP: 6/6
  2389 | D:3      | 2389 ||| Stepping ~*~*~tactically~*~*~ (stealth).
  2393 | D:3      | 2393 ||| Stepping ~*~*~tactically~*~*~ (stealth).
  2411 | D:3      | 2411 ||| Stepping ~*~*~tactically~*~*~ (stealth).
  2412 | D:3      | 2412 ||| Stepping ~*~*~tactically~*~*~ (stealth).
  2471 | D:3      | 2471 ||| UPGRADING to +2 robe of willpower.
  2481 | D:3      | 2481 ||| DROPPING +0 robe.
  2482 | D:3      | 2482 ||| READING scroll labelled WAUKKI QOOGAKI.
  2511 | D:3      | 2511 ||| READING scroll labelled DIRETU JUUL.
  2512 | D:3      | 2512 ||| DRINKING 3 fizzy pink potions.
  2549 | D:3      | 2549 ||| DRINKING 3 silvery potions.
  2550 | D:3      | 2550 ||| READING 2 scrolls of identify.
  2550 | D:3      | 2550 ||| IDENTIFYING golden potion
  2551 | D:3      | 2551 ||| DROPPING 2 potions of lignification.
  2552 | D:3      | 2552 ||| DROPPING 2 potions of attraction.
  2631 | D:4      | 2631 ||| Stepping ~*~*~tactically~*~*~ (stealth).
  2632 | D:4      | 2632 ||| Stepping ~*~*~tactically~*~*~ (stealth).
  2745 | D:4      | 2745 ||| Stepping ~*~*~tactically~*~*~ (stealth).
  2750 | D:4      | 2750 ||| Stepping ~*~*~tactically~*~*~ (stealth).
  2753 | D:4      | Reached skill level 7 in Unarmed Combat
  2796 | D:4      | Found a sparkling altar of Nemelex Xobeh.
  2796 | D:4      | Found a transporter.
  2884 | D:4      | Found a shimmering blue altar of Sif Muna.
  2920 | D:4      | Found a shadowy altar of Dithmenos.
  2958 | D:4      | 2958 ||| INVOKING Fiery Armour.
  3212 | D:4      | Reached skill level 8 in Unarmed Combat
  3285 | D:4      | Reached skill level 3 in Fighting
  3285 | D:4      | Reached XP level 7. HP: 67/67 MP: 7/7
  3396 | D:4      | Noticed Dowan
  3397 | D:4      | 3397 ||| Stepping ~*~*~tactically~*~*~ (hiding).
  3402 | D:4      | Noticed Duvessa
  3403 | D:4      | 3403 ||| INVOKING Fiery Armour.
  3404 | D:4      | Killed Dowan
  3405 | D:4      | 3405 ||| FLEEEEING.
  3406 | D:4      | 3406 ||| Stepping ~*~*~tactically~*~*~ (hiding).
  3413 | D:4      | Killed Duvessa
  3486 | D:4      | 3486 ||| READING scroll labelled MOULERCH AZXE.
  3487 | D:4      | 3487 ||| READING scroll labelled IFIOTW UBUOPIBY.
  3488 | D:4      | 3488 ||| DRINKING 2 murky amethyst potions.
  3489 | D:4      | 3489 ||| DRINKING 3 bubbling inky potions.
  3490 | D:4      | 3490 ||| DRINKING 3 bubbling emerald potions.
  3491 | D:4      | 3491 ||| READING 2 scrolls of identify.
  3491 | D:4      | 3491 ||| IDENTIFYING blue potion
  3492 | D:4      | 3492 ||| DROPPING 2 potions of flight.
  3493 | D:4      | 3493 ||| READING 6 scrolls of teleportation.
  3508 | D:4      | 3508 ||| DRINKING 2 fuming black potions.
  3508 | D:4      | Gained mutation: You are dopey. (Int -2) [potion of
                  | mutation]
  3519 | D:5      | Entered Level 5 of the Dungeon
  3522 | D:5      | 3522 ||| STAIRDANCE
  3528 | D:5      | 3528 ||| STAIRDANCE
  3531 | D:4      | Reached skill level 9 in Unarmed Combat
  3533 | D:5      | 3533 ||| STAIRDANCE
  3542 | D:5      | 3542 ||| STAIRDANCE
  3561 | D:5      | 3561 ||| STAIRDANCE
  3565 | D:4      | Reached skill level 1 in Throwing
  3581 | D:5      | 3581 ||| STAIRDANCE
  3617 | D:5      | 3617 ||| STAIRDANCE
  3621 | D:4      | Reached skill level 1 in Dodging
  3622 | D:4      | Reached XP level 8. HP: 70/75 MP: 8/8
  3629 | D:5      | 3629 ||| STAIRDANCE
  3885 | D:5      | Found a runed translucent door.
  3886 | D:5      | Noticed Crazy Yiuf
  3949 | D:5      | Noticed Edmund
  3956 | D:5      | 3956 ||| Stepping ~*~*~tactically~*~*~ (outnumbered).
  3959 | D:5      | Reached skill level 10 in Unarmed Combat
  3967 | D:5      | 3967 ||| INVOKING Fiery Armour.
  3968 | D:5      | Killed Edmund
  3974 | D:5      | 3974 ||| Stepping ~*~*~tactically~*~*~ (outnumbered).
  3975 | D:5      | 3975 ||| Stepping ~*~*~tactically~*~*~ (outnumbered).
  4205 | D:5      | 4205 ||| READING scroll labelled DOESSU WAWOE.
  4206 | D:5      | 4206 ||| READING scroll labelled AXERUE JUTRA.
  4207 | D:5      | 4207 ||| READING 2 scrolls of identify.
  4207 | D:5      | 4207 ||| IDENTIFYING yellow potion
  4255 | D:6      | 4255 ||| Stepping ~*~*~tactically~*~*~ (hiding).
  4260 | D:6      | 4260 ||| INVOKING Fiery Armour.
  4263 | D:6      | 4263 ||| Stepping ~*~*~tactically~*~*~ (outnumbered).
  4420 | D:6      | Reached skill level 11 in Unarmed Combat
  4450 | D:6      | Reached XP level 9. HP: 84/84 MP: 9/9
  4495 | D:6      | Found a staircase to the Ecumenical Temple.
  4662 | D:6      | 4662 ||| Stepping ~*~*~tactically~*~*~ (stealth).
  4663 | D:6      | 4663 ||| Stepping ~*~*~tactically~*~*~ (stealth).
  4734 | D:6      | Reached skill level 12 in Unarmed Combat
  4857 | D:6      | 4857 ||| READING scroll labelled ADECKYUHEPN.
  4858 | D:6      | 4858 ||| READING scroll labelled EZUCAS IFOYMU.
  5069 | D:7      | 5069 ||| Stepping ~*~*~tactically~*~*~ (stealth).
  5072 | D:7      | 5072 ||| Stepping ~*~*~tactically~*~*~ (stealth).
  5091 | D:7      | 5091 ||| Stepping ~*~*~tactically~*~*~ (hiding).
  5189 | D:7      | 5189 ||| Stepping ~*~*~tactically~*~*~ (stealth).
  5221 | D:7      | 5221 ||| Stepping ~*~*~tactically~*~*~ (hiding).
  5524 | D:7      | 5524 ||| Stepping ~*~*~tactically~*~*~ (hiding).
  5528 | D:7      | Reached skill level 3 in Throwing
  5532 | D:7      | 5532 ||| Stepping ~*~*~tactically~*~*~ (hiding).
  5539 | D:7      | 5539 ||| Stepping ~*~*~tactically~*~*~ (stealth).
  5741 | D:7      | 5741 ||| Stepping ~*~*~tactically~*~*~ (stealth).
  5746 | D:7      | 5746 ||| Stepping ~*~*~tactically~*~*~ (outnumbered).
  5749 | D:7      | 5749 ||| INVOKING Fiery Armour.
  6039 | D:7      | Found a snail-covered altar of Cheibriados.
  6066 | D:7      | 6066 ||| FLEEEEING.
  6075 | D:7      | 6075 ||| Stepping ~*~*~tactically~*~*~ (outnumbered).
  6076 | D:7      | 6076 ||| Stepping ~*~*~tactically~*~*~ (outnumbered).
  6373 | D:7      | 6373 ||| READING 3 scrolls of identify.
  6373 | D:7      | 6373 ||| IDENTIFYING glowing sapphire potion
  6374 | D:7      | 6374 ||| DROPPING potion of brilliance.
  6432 | D:8      | Noticed Psyche
  6441 | D:8      | HP: 22/88 [something (6)]
  6442 | D:8      | Killed Psyche
  6532 | D:8      | Noticed Gastronok
  6533 | D:8      | 6533 ||| Stepping ~*~*~tactically~*~*~ (hiding).
  6553 | D:8      | Killed Gastronok
  6554 | D:8      | Reached skill level 13 in Unarmed Combat
  6554 | D:8      | Reached XP level 10. HP: 59/96 MP: 10/10
  6631 | D:8      | Reached skill level 1 in Armour
  6691 | D:8      | 6691 ||| INVOKING Fiery Armour.
  6702 | D:8      | 6702 ||| Stepping ~*~*~tactically~*~*~ (outnumbered).
  6703 | D:8      | 6703 ||| Stepping ~*~*~tactically~*~*~ (outnumbered).
  6704 | D:8      | 6704 ||| Stepping ~*~*~tactically~*~*~ (outnumbered).
  6705 | D:8      | 6705 ||| Stepping ~*~*~tactically~*~*~ (outnumbered).
  6987 | D:8      | 6987 ||| Stepping ~*~*~tactically~*~*~ (stealth).
  6990 | D:8      | 6990 ||| Stepping ~*~*~tactically~*~*~ (stealth).
  6991 | D:8      | 6991 ||| Stepping ~*~*~tactically~*~*~ (hiding).
  6993 | D:8      | 6993 ||| Stepping ~*~*~tactically~*~*~ (outnumbered).
  6994 | D:8      | 6994 ||| Stepping ~*~*~tactically~*~*~ (outnumbered).
  6995 | D:8      | 6995 ||| Stepping ~*~*~tactically~*~*~ (outnumbered).
  6996 | D:8      | 6996 ||| Stepping ~*~*~tactically~*~*~ (hiding).
  7001 | D:8      | Reached skill level 14 in Unarmed Combat
  7196 | D:8      | 7196 ||| Stepping ~*~*~tactically~*~*~ (stealth).
  7197 | D:8      | 7197 ||| Stepping ~*~*~tactically~*~*~ (stealth).
  7204 | D:8      | 7204 ||| Stepping ~*~*~tactically~*~*~ (hiding).
  7226 | D:8      | 7226 ||| Stepping ~*~*~tactically~*~*~ (stealth).
  7231 | D:8      | 7231 ||| Stepping ~*~*~tactically~*~*~ (stealth).
  7295 | D:8      | Found a white marble altar of Elyvilon.
  7388 | D:8      | 7388 ||| UPGRADING to +0 kite shield.
  7393 | D:8      | 7393 ||| UPGRADING to ring of see invisible.
  7394 | D:8      | 7394 ||| READING 3 scrolls of identify.
  7394 | D:8      | 7394 ||| IDENTIFYING puce potion
  7395 | D:8      | 7395 ||| DROPPING potion of degeneration.
  7443 | D:9      | Reached skill level 1 in Shields
  7710 | D:9      | 7710 ||| Stepping ~*~*~tactically~*~*~ (outnumbered).
  7711 | D:9      | 7711 ||| Stepping ~*~*~tactically~*~*~ (outnumbered).
  7712 | D:9      | 7712 ||| Stepping ~*~*~tactically~*~*~ (outnumbered).
  7713 | D:9      | 7713 ||| Stepping ~*~*~tactically~*~*~ (outnumbered).
  7714 | D:9      | 7714 ||| Stepping ~*~*~tactically~*~*~ (outnumbered).
  7715 | D:9      | 7715 ||| Stepping ~*~*~tactically~*~*~ (outnumbered).
  7716 | D:9      | 7716 ||| STAIRDANCE
  7721 | D:8      | Reached skill level 3 in Shields
  7730 | D:9      | 7730 ||| Stepping ~*~*~tactically~*~*~ (outnumbered).
  7731 | D:9      | 7731 ||| Stepping ~*~*~tactically~*~*~ (outnumbered).
  8255 | D:10     | Entered Level 10 of the Dungeon
  8277 | D:10     | Noticed a two-headed ogre
  8283 | D:10     | Killed a two-headed ogre
  8326 | D:10     | Reached XP level 11. HP: 60/105 MP: 11/11
  8591 | D:10     | Found an ornate altar of the Wu Jian Council.
  8674 | D:10     | 8674 ||| Stepping ~*~*~tactically~*~*~ (hiding).
  8676 | D:10     | 8676 ||| Stepping ~*~*~tactically~*~*~ (hiding).
  8682 | D:10     | Reached skill level 6 in Shields
  8685 | D:10     | 8685 ||| FLEEEEING.
  8686 | D:10     | 8686 ||| FLEEEEING.
  8689 | D:10     | 8689 ||| FLEEEEING.
  8690 | D:10     | 8690 ||| FLEEEEING.
  8691 | D:10     | 8691 ||| FLEEEEING.
  8694 | D:10     | 8694 ||| FLEEEEING.
  8695 | D:10     | 8695 ||| FLEEEEING.
  8696 | D:10     | 8696 ||| FLEEEEING.
  8697 | D:10     | 8697 ||| FLEEEEING.
  9014 | D:10     | 9014 ||| Stepping ~*~*~tactically~*~*~ (hiding).
  9025 | D:10     | 9025 ||| Stepping ~*~*~tactically~*~*~ (hiding).
  9030 | D:10     | 9030 ||| Stepping ~*~*~tactically~*~*~ (outnumbered).
  9037 | D:10     | 9037 ||| Stepping ~*~*~tactically~*~*~ (outnumbered).
  9207 | D:10     | 9207 ||| UPGRADING to +1 cloak.
  9217 | D:10     | 9217 ||| DROPPING +0 cloak.
  9277 | D:11     | Noticed a boulder beetle
  9279 | D:11     | 9279 ||| INVOKING Fiery Armour.
  9289 | D:11     | Killed a boulder beetle
  9398 | D:11     | Found a staircase to the Lair.
  9476 | D:11     | 9476 ||| Stepping ~*~*~tactically~*~*~ (stealth).
  9480 | D:11     | Found a staircase to the Orcish Mines.
  9483 | D:11     | 9483 ||| INVOKING Fiery Armour.
  9535 | D:11     | Noticed Snorg
  9536 | D:11     | 9536 ||| Stepping ~*~*~tactically~*~*~ (stealth).
  9554 | D:11     | HP: 17/105 [Snorg (15)]
  9554 | D:11     | HP: 3/105 [Snorg (14)]
  9555 | D:11     | 9555 ||| READING 9 scrolls of teleportation.
  9555 | D:11     | Mangled by Snorg

Levels and vault maps discovered:
D:1:      minmay_arrival_shattered_statue, layout_basic,
          shapermc_ecumenical_altar_hornbeckon
D:2:      cheibrodos_greedy_goblins, layout_rooms
D:3:      layout_basic, tso_altar, interstate_on_off, uniq_sigmund
D:4:      layout_basic, mainiacjoe_overflow_two_lobes, grunt_nemelex_the_gamble,
          minmay_joined_circles, uniq_duvessa
D:5:      layout_cave_pools, chequers_serial_rivers_micro_e,
          uniq_crazy_yiuf_cottage, uniq_edmund
D:6:      layout_basic, minmay_temple_entry_waves, kennysheep_another_room
D:7:      layout_layer_cave, mainiacjoe_overflow_cross_hatched
D:8:      layout_gridville, kennysheep_little_box, enter_bailey_3, uniq_psyche,
          uniq_gastronok
D:9:      layout_irregular_city
D:10:     layout_roguey, pdpol_wu_jian_five_deadly_venoms, eino_curves_04
D:11:     layout_roguey, minmay_lair_entry_grove, minmay_orc_entry_temple_small,
          hangedman_decor_peaks_small, uniq_snorg

Skill      XL: |  1  2  3  4  5  6  7  8  9 10 11 |
---------------+----------------------------------+-----
Unarmed Combat | 4 5 6 8 9 11 13 14 | 14.0
Fighting       | 3 4 5 |  5.9
Throwing       | 1 3 |  3.0
Dodging        | 1 |  1.2
Armour         | 1 |  1.0
Shields        | 5 8 |  8.6
Spellcasting   | |  1.0
Fire Magic     | |  2.1

Action                   |  1- 3 |  4- 6 |  7- 9 | 10-12 || total
-------------------------+-------+-------+-------+-------++-------
Melee: Unarmed           |    97 |   141 |   180 |   212 ||   630
       Punch             |       |     2 |    11 |     2 ||    15
Throw: Boomerang         |       |    27 |    39 |     1 ||    67
       Javelin           |       |       |    16 |    52 ||    68
Invok: Fiery Armour      |     1 |     1 |     4 |     3 ||     9
  Use: Scroll            |     5 |     3 |    10 |     2 ||    20
       Potion            |     1 |     4 |     4 |       ||     9
Armor: Robe              |    30 |    36 |    74 |    56 ||   196
Dodge: Dodged            |    41 |    35 |    81 |    71 ||   228
Block: Kite shield       |       |       |       |    38 ||    38

Table legend:
 A = Non-vault XP
 B = Vault XP
 C = Vault XP percentage of total XP
 D = Non-vault monster count
 E = Vault monster count
 F = Vault count percentage of total count
                 A         B        C        D         E       F
            +---------+---------+-------+---------+---------+-------
      Total |   11598 |    4547 |  28.2 |     219 |      61 |  21.8
            +---------+---------+-------+---------+---------+-------
        D:1 |      62 |       0 |   0.0 |      26 |       0 |   0.0
        D:2 |      54 |      17 |  23.9 |      14 |       9 |  39.1
        D:3 |      38 |     214 |  84.9 |      21 |       1 |   4.5
        D:4 |     650 |     430 |  39.8 |      32 |      21 |  39.6
        D:5 |     581 |     153 |  20.8 |      14 |       1 |   6.7
        D:6 |    1329 |       0 |   0.0 |      19 |       0 |   0.0
        D:7 |    1286 |       0 |   0.0 |      30 |       0 |   0.0
        D:8 |    2056 |    1793 |  46.6 |      31 |       6 |  16.2
        D:9 |    1218 |       0 |   0.0 |       9 |       0 |   0.0
       D:10 |    2896 |       0 |   0.0 |      20 |       0 |   0.0
       D:11 |    1428 |    1940 |  57.6 |       3 |      23 |  88.5
            +---------+---------+-------+---------+---------+-------
